Map: Orbital Shipyard

Players

IIIIIIIIIIII

  • Race: Zerg Zerg

AcerBly (Bly) - Winner!

  • Race: Zerg Zerg

Event: Gauntlet LotV Series 1 Qualifier 1

VOD

Have the link to the VOD?

Description

Time

  • Played on: Nov. 22, 2015, 5:21 p.m.
  • Length: 12:13

All games in this series

Show
View Real Time Build Order
Export as new Build Order

IIIIIIIIIIII Zerg 

Build Orders: Pool First, Zergling Baneling 

Get SALT Encoding   

  12  0:01  Drone  
  13  0:09  Drone  
  14  0:15  Extractor  
  14  0:16  Drone  
  14  0:32  Spawning Pool  
  14  0:35  Drone  
  14  0:46  Overlord  
  14  0:54  Overlord  
  14  1:18  Metabolic Boost  
  14  1:19  Queen  
  14  1:23  Zergling x2  
  17  1:26  Zergling x2  
  17  1:31  Zergling x2  
  19  1:42  Baneling Nest  
  19  1:45  Zergling x2  
  19  1:50  Zergling x2  
  20  1:58  Zergling x2  
  21  2:09  Zergling x2  
  22  2:17  Zergling x2  
  23  2:28  Zergling x2  
  23  2:29  Zergling x4  
  26  2:30  Baneling x2  
  26  2:31  Baneling x2  
  26  2:32  Zergling x2  
  27  2:42  Zergling x2  
  26  2:57  Zergling x2  
  21  3:08  Zergling x6  
  13  3:17  Drone  
  14  3:23  Queen  
  14  3:25  Baneling  
  16  3:28  Baneling  
  15  3:51  Zergling x6  
  18  3:57  Drone  
  18  4:02  Drone  
  17  4:07  Drone  
  18  4:14  Drone  
  19  4:27  Drone  
  20  4:34  Drone x3  
  20  4:38  Baneling x2  
  23  4:52  Drone x2  
  22  5:06  Spine Crawler  
  20  5:09  Zergling x2  
  20  5:12  Zergling x6  
  24  5:30  Hatchery  
  23  5:37  Zergling x4  
  25  5:44  Drone x2  
  25  5:46  Drone  
  24  6:00  Drone x2  
  23  6:11  Zergling x6  
  23  6:12  Zergling x2  
  27  6:23  Drone  
  27  6:44  Queen  
  27  6:46  Drone x5  
  34  6:54  Baneling x2  
  34  6:55  Baneling x2  
  34  6:57  Zergling x4  
  35  7:22  Drone x3  
  36  7:23  Overlord x3  
  35  7:37  Lair  
  35  7:39  Baneling  
  35  7:40  Baneling  
  35  7:41  Baneling  
  35  7:42  Baneling x3  
  35  7:44  Zergling x4  
  35  7:45  Zergling x4  
  35  7:47  Drone  
  35  7:50  Drone  
  41  7:56  Extractor  
  40  8:01  Zergling x8  
  44  8:10  Drone x3  
  47  8:13  Extractor x2  
  45  8:24  Drone x3  
  46  8:28  Overlord  
  46  8:40  Drone x4  
  49  8:43  Spire  
  49  8:45  Drone  
  49  9:05  Overlord x2  
  49  9:07  Drone x2  
  50  9:14  Drone x4  
  54  9:30  Overlord x2  
  53  9:51  Baneling x2  
  52  10:02  Mutalisk  
  52  10:03  Mutalisk x5, Zerg Flyer Armor Level 1  
  64  10:11  Mutalisk  
  64  10:14  Hatchery  
  64  10:17  Mutalisk  
  66  10:25  Mutalisk  
  66  10:27  Zergling x2  
  66  10:28  Zergling x14  
  76  10:32  Zergling x2  
  76  10:33  Extractor  
  76  10:37  Mutalisk, Extractor  
  77  10:43  Mutalisk  
  77  10:49  Evolution Chamber  
  79  10:50  Evolution Chamber, Drone x3  
  79  10:52  Drone x2  
  79  10:53  Drone  
  83  10:59  Mutalisk  
  85  11:10  Mutalisk  
  87  11:11  Mutalisk  
  59  11:27  Mutalisk  
  59  11:31  Zergling x2  
  59  11:32  Zergling x6  
  45  11:40  Mutalisk  
  45  11:45  Zergling x2  
  44  11:49  Mutalisk  
Show
View Real Time Build Order
Export as new Build Order

AcerBly Zerg - Winner!

Build Orders: Pool First 

Get SALT Encoding   

  12  0:01  Drone  
  13  0:11  Drone  
  13  0:13  Extractor  
  13  0:29  Spawning Pool  
  13  0:31  Drone  
  13  0:36  Drone  
  14  0:45  Overlord  
  14  1:15  Queen  
  14  1:16  Zergling x2  
  18  1:18  Zergling x2  
  18  1:19  Metabolic Boost  
  18  1:28  Zergling x4  
  20  1:40  Baneling Nest  
  20  1:42  Zergling x2  
  20  1:50  Zergling x2  
  21  2:01  Overlord  
  21  2:14  Zergling x2  
  22  2:24  Zergling x6  
  22  2:25  Zergling x2  
  22  2:27  Baneling x3  
  22  2:29  Baneling  
  26  2:39  Zergling x2  
  27  2:47  Drone  
  27  2:58  Zergling x6  
  16  3:11  Zergling x4  
  10  3:22  Drone  
  11  3:51  Drone  
  11  3:52  Drone  
  10  4:05  Queen  
  12  4:10  Drone  
  12  4:16  Zergling x2  
  13  4:33  Baneling x2  
  13  4:51  Drone x2  
  13  4:55  Drone  
  14  5:09  Drone  
  14  5:13  Drone  
  16  5:16  Drone  
  17  5:22  Baneling x2  
  17  5:27  Drone  
  18  5:40  Zergling x4  
  20  5:47  Zergling x4  
  22  5:50  Drone  
  22  5:58  Zergling x2  
  20  6:10  Queen  
  22  6:15  Zergling x2  
  23  6:27  Zergling x2  
  23  6:28  Zergling x4  
  23  6:30  Zergling x2  
  27  6:40  Baneling  
  27  6:41  Baneling  
  26  6:49  Drone x2  
  26  6:51  Baneling  
  26  6:52  Baneling x4  
  25  7:23  Drone x5  
  30  7:34  Drone  
  29  7:44  Hatchery  
  29  7:49  Overlord  
  28  8:00  Queen  
  30  8:08  Extractor  
  29  8:14  Drone x4  
  34  8:27  Drone x4  
  36  8:40  Drone  
  36  8:47  Lair  
  36  8:49  Overlord  
  36  8:51  Baneling  
  36  8:59  Zergling x8  
  40  9:04  Drone  
  40  9:10  Drone  
  40  9:16  Overlord  
  41  9:24  Drone x2  
  43  9:26  Overlord  
  43  9:38  Baneling x4  
  41  9:46  Drone x4  
  41  9:47  Queen x2  
  41  9:51  Roach Warren  
  47  10:00  Nydus Network  
  46  10:09  Zergling x6  
  49  10:20  Overlord x2  
  49  10:22  Queen  
  49  10:23  Queen  
  53  10:31  Roach x7  
  67  10:41  Roach x2  
  67  10:42  Glial Reconstitution, Roach  
  73  10:45  Spore Crawler  
  73  10:47  Baneling x3  
  73  10:49  Nydus Canal  
  72  10:58  Queen  
  72  11:02  Spore Crawler  
  72  11:25  Spore Crawler x2  
  68  11:26  Spore Crawler  
  68  11:29  Spore Crawler  
  66  11:35  Overlord x3  
  62  11:44  Overlord  
Tags
 
Add a new tag
Caveats
  • Supply blocks, unpowered buildings, or Contaminate may cause inaccurate times.
  • Supply counts are checked every 10 seconds.